 Dungeon Sprint DCSS version 0.23-a0-290-g290e36d (webtiles) character file.

51 emperorscorpion the Charmwright (level 3, -5/51 HPs)
             Began as a Naga Skald on Oct 3, 2018.
             Killed from afar by an orc wizard (9 damage)
             ... with a puff of flame
             ... in the Dungeon (Sprint IX: "|||||||||||||||||||||||||||||").
             The game lasted 00:00:27 (38 turns).

emperorscorpion the Charmwright (Naga Skald)          Turns: 38, Time: 00:00:27

Health: -5/51      AC:  2    Str: 18    XL:     3   Next: 81%
Magic:  5/7        EV: 10    Int: 13    God:
Gold:   0          SH:  0    Dex: 11    Spells: 7/8 levels left

rFire    . . .     SeeInvis +   a - +0 spear
rCold    . . .     Gourm    .   (no shield)
rNeg     . . .     Faith    .   b - +0 leather armour
rPois    +         Spirit   .   (no helmet)
rElec    .         Reflect  .   (no cloak)
rCorr    .         Harm     .   (no gloves)
MR       .....     NoTele   +   (no barding)
Stlth    ..........             (no amulet)
HPRegen  0.17/turn              (no ring)
MPRegen  0.10/turn              (no ring)

@: berserking (expiring), quick
A: large, see invisible, deformed body, poison resistance, slowness 2, slow
metabolism 1, spit poison 1, AC +1
a: Spit Poison


You were in the Dungeon.
You were not hungry.

You visited 1 branch

Inventory:

Hand Weapons
 a - a +0 spear (weapon)
Armour
 b - a +0 leather armour (worn)
Scrolls
 j - a scroll of blinking
Potions
 e - a potion of curing
 f - a potion of heal wounds
 g - a potion of haste
 h - 2 potions of magic
Comestibles
 c - a chunk of flesh
 d - a ration


   Skills:
 + Level 3.1 Fighting
 + Level 3.4 Polearms
 + Level 1.8 Armour
 + Level 2.3 Dodging
 + Level 3.2 Spellcasting
 + Level 5.2 Charms


You had 7 spell levels left.
You knew the following spells:

 Your Spells              Type           Power        Failure   Level  Hunger
a - Infusion              Chrm           ###.         3%          1    #......

Your spell library contained the following spells:

 Spells                   Type           Power        Failure   Level  Hunger
 Song of Slaying          Chrm           ###.....     4%          2    ##.....
 Shroud of Golubria       Chrm/Tloc      #.........   14%         2    ##.....
 Regeneration             Chrm/Necr      #.........   28%         3    ###....
 Spectral Weapon          Hex/Chrm       #.......     28%         3    ###....


Dungeon Overview and Level Annotations

Branches:
Dungeon (1/1)

Altars:


Innate Abilities, Weirdness & Mutations

You cannot wear boots.
Your serpentine skin is tough. (AC +1)
You have supernaturally acute eyesight. (SInv)
Armour fits poorly on your strangely shaped body.
Your system is resistant to poisons. (rPois)
You cover ground very slowly.
You have a slow metabolism.
You can spit poison.


Message History

The howler monkey hoots and howls with incredible vigour!
You puncture the howler monkey!
You kill the howler monkey!
Your Fighting skill increases to level 3!
Your Polearms skill increases to level 3!
Your Dodging skill increases to level 2!
Your Spellcasting skill increases to level 3!
Your Charms skill increases to level 5!
You have reached level 3!
Your experience leads to an increase in your attributes!
Your base attributes are Str 13, Int 13, Dex 10.
Increase (S)trength, (I)ntelligence, or (D)exterity?
You feel agile.
Your skin feels tougher.
You miss the leopard gecko. The leopard gecko closely misses you.
You puncture the leopard gecko!
You kill the leopard gecko!
You barely miss the orc wizard. You barely miss the orc wizard.
The orc wizard gestures at you while chanting.
The puff of flame hits you!
You die... ▓▓▓▓▓▓▓▓▓▓▓▓▓▓▓▓▓▓ +.§.Yoo@...)÷...<▓ ▓▓▓▓▓▓▓▓▓▓▓▓▓▓▓▓▓▓

You could see a sky beast, an orc wizard (invisible) and an orc.

Vanquished Creatures
  A howler monkey (D)
  An ooze (D)
  A leopard gecko (D)
  3 goblins (D)
  A kobold (D)
7 creatures vanquished.

Notes
Turn   | Place    | Note
-------+----------+-------------------------------------------
     0 | D        | emperorscorpion the Naga Skald began the quest for the Orb.
     0 | D        | Reached XP level 1. HP: 19/19 MP: 3/3
    11 | D        | Reached skill level 1 in Armour
    11 | D        | Reached XP level 2. HP: 8/27 MP: 5/5
    16 | D        | Reached skill level 4 in Charms
    26 | D        | Noticed a sky beast
    26 | D        | Noticed a howler monkey
    34 | D        | Killed a howler monkey
    34 | D        | Reached skill level 5 in Charms
    34 | D        | Reached XP level 3. HP: 4/34 MP: 5/7
    38 | D        | Killed from afar by an orc wizard

Vault maps used:
D:        linesprint

Skill      XL: |  1  2 |
---------------+-------+-----
Armour         | 1 |  1.8
Charms         | 5 |  5.2
Fighting       | 3 |  3.1
Polearms       | 3 |  3.4
Dodging        | 2 |  2.3
Spellcasting   | 3 |  3.2

Action                   || total
-------------------------++-------
Melee: Spear             ||    22
 Abil: Spit Poison       ||     3
  Use: Potion            ||     1
Dodge: Dodged            ||     7

Table legend:
 A = Non-vault XP
 B = Vault XP
 C = Vault XP percentage of total XP
 D = Non-vault monster count
 E = Vault monster count
 F = Vault count percentage of total count
                 A         B        C        D         E       F
            +---------+---------+-------+---------+---------+-------
      Total |       0 |      73 | 100.0 |       0 |       7 | 100.0
            +---------+---------+-------+---------+---------+-------
          D |       0 |      73 | 100.0 |       0 |       7 | 100.0
            +---------+---------+-------+---------+---------+-------
